 Dungeon Crawl Stone Soup version 0.21.1-1-g345015f (webtiles) character file.

548415 erloom the Conqueror (level 26, -7/193 HPs)
             Began as a Gargoyle Fighter on Mar 8, 2018.
             Was the Champion of Okawaru.
             Splashed by a caustic shrike's acid (9 damage)
             ... on level 4 of the Depths on Mar 10, 2018.
             The game lasted 03:58:02 (56937 turns).

erloom the Conqueror (Gargoyle Fighter)            Turns: 56937, Time: 03:58:03

Health: -7/193     AC: 17    Str: 34    XL:     26   Next: 78%
Magic:  0/27       EV: 14    Int: 28    God:    Okawaru [******]
Gold:   1734       SH: 24    Dex:  7    Spells: 35/35 levels left

rFire    + + .     SeeInvis +   x - +9 eveningstar (vamp)
rCold    + . .     Gourm    .   E - +2 large shield
rNeg     + + .     Faith    .   X - +2 scale mail "Leibrice" {MR+++ Str+6 Dex-4}
rPois    ∞         Spirit   +   b - +0 helmet of Ziaz Jio {rF+ Slay+3}
rElec    +         Reflect  .   z - scarf {Spirit}
rCorr    .         Harm     .   J - +3 pair of gloves of Autotheism {Regen+ MP-9 Int+5 SInv}
MR       ++++.                  N - +2 pair of boots {run}
Stlth    ..........             Z - amulet "Irony" {Regen+ Str+4}
HPRegen  1.22/turn              D - ring "Ymuoluta" {rPois rC+ rN+ Str+2 Dex+2}
MPRegen  0.20/turn              p - ring "Bonugoah" {rF+ MP+9 Int+4 Slay+3}

@: about to teleport, finesse, corroded, flying, very slightly contaminated,
studying Spellcasting, quick
A: big wings, low mp 1, negative energy resistance 1, electricity resistance,
unbreathing, petrification resistance, no potion heal 1, rot immunity, AC +20
}: 2/15 runes: serpentine, barnacled
a: Stop Flying, Heroism, Finesse, Renounce Religion


You were on level 4 of the Depths.
You worshipped Okawaru.
Okawaru was exalted by your worship.
You were not hungry.

You visited 9 branches of the dungeon, and saw 44 of its levels.
You also visited: Trove, Bailey, Wizlab and Desolation.

You collected 5527 gold pieces.
You spent 3793 gold pieces at shops.

Inventory:

Hand Weapons
 d - the +9 staff of Wucad Mu {channel}
   (You found it in a wizard's laboratory)
 x - a +9 vampiric eveningstar (weapon)
Armour
 b - the +0 helmet of Ziaz Jio (worn) {rF+ Slay+3}
   (Okawaru gifted it to you on level 1 of the Shoals)

   It affects your accuracy and damage with ranged weapons and melee attacks
   (+3).
   It protects you from fire.
 t - a +1 pair of boots of flying
 z - a scarf of spirit shield (worn)
 B - a +2 pair of gloves of strength
 E - a +2 large shield (worn)
 I - a +2 large shield
 J - the +3 pair of gloves of Autotheism (worn) {Regen+ MP-9 Int+5 SInv}
   (You acquired it on level 4 of the Depths)

   It affects your intelligence (+5).
   It affects your magic capacity (-9).
   It lets you see invisible.
   It increases your rate of regeneration.
 N - a +2 pair of boots of running (worn)
 T - a +2 cloak of magic resistance
 X - the +2 scale mail "Leibrice" (worn) {MR+++ Str+6 Dex-4}
   (Okawaru gifted it to you in the Desolation of Salt)

   It affects your strength (+6).
   It affects your dexterity (-4).
   It affects your resistance to hostile enchantments.
Jewellery
 p - the ring "Bonugoah" (right hand) {rF+ MP+9 Int+4 Slay+3}
   (You took it off a deep elf knight on level 3 of the Elven Halls)

   [ring of protection from fire]

   It affects your intelligence (+4).
   It affects your accuracy and damage with ranged weapons and melee attacks
   (+3).
   It protects you from fire.
   It affects your magic capacity (+9).
 D - the ring "Ymuoluta" (left hand) {rPois rC+ rN+ Str+2 Dex+2}
   (You found it in a treasure trove)

   [ring of protection from cold]

   It affects your strength (+2).
   It affects your dexterity (+2).
   It protects you from cold.
   It protects you from poison.
   It protects you from negative energy.
 Z - the amulet "Irony" (around neck) {Regen+ Str+4}
   (You found it in a treasure trove)

   [amulet of regeneration]

   It affects your strength (+4).
   It increases your rate of regeneration.
Wands
 k - a wand of acid (10)
 A - a wand of random effects (31)
 H - a wand of digging (43)
 Q - a wand of clouds (5)
 S - a wand of scattershot (4)
Scrolls
 e - 30 scrolls of remove curse
 g - 2 scrolls of fear
 n - 20 scrolls of teleportation
 o - a scroll of summoning
 q - 7 scrolls of fog
 s - a scroll of magic mapping
 u - 3 scrolls of identify
 y - 8 scrolls of blinking
 U - 2 scrolls of silence
Potions
 a - 2 potions of invisibility
 c - 6 potions of might
 h - 11 potions of heal wounds
 i - a potion of agility
 j - 2 potions of berserk rage
 m - 28 potions of curing
 r - 11 potions of haste
 G - a potion of resistance
 W - 4 potions of cancellation
Books
 l - a book of Enchantments

   Spells                             Type                      Level
   a - Cause Fear                     Hexes                        4
   b - Yara's Violent Unravelling     Hexes/Transmutation          5
   c - Silence                        Hexes/Air                    5
   d - Deflect Missiles               Charms/Air                   6
   e - Discord                        Hexes                        8
 w - a manual of Spellcasting
 C - a book of Changes

   Spells                             Type                      Level
   a - Beastly Appendage              Transmutation                1
   b - Sticks to Snakes               Transmutation                2
   c - Spider Form                    Transmutation/Poison         3
   d - Ice Form                       Ice/Transmutation            4
   e - Blade Hands                    Transmutation                5
Miscellaneous
 v - a fan of gales
 F - 4 phantom mirrors
 L - a lamp of fire
Comestibles
 f - 58 rations


   Skills:
 O Level 27 Fighting
 - Level 16.0 Maces & Flails
 - Level 5.0 Throwing
 + Level 23.2 Armour
 - Level 15.0 Dodging
 - Level 15.0 Shields
 - Level 5.1 Spellcasting
 - Level 10.0 Invocations
 - Level 5.0 Evocations


You had 35 spell levels left.
You didn't know any spells.

Dungeon Overview and Level Annotations

Branches:
Dungeon (15/15)            Temple (1/1) D:4            Lair (6/6) D:11
 Shoals (4/4) Lair:4        Snake (4/4) Lair:4        Slime (0/5) Lair:6
    Orc (2/2) D:9             Elf (3/3) Orc:2        Vaults (4/5) D:13
  Crypt (0/3) Vaults:2     Depths (5/5) D:15
    Zot: Depths:5

Altars:
Ashenzari
Cheibriados
Dithmenos
Elyvilon
Fedhas
Gozag
Hepliaklqana
Kikubaaqudgha
Makhleb
Nemelex Xobeh
Okawaru
Qazlal
Sif Muna
Trog
Uskayaw
Vehumet
Wu Jian
Xom
Yredelemnul
Zin
The Shining One
Beogh

Shops:
D:5 [!:}}   D:6 [?((*   Orc:1 (   Orc:2 (:*!*   Elf:1 }   Elf:3 *
Shoals:1 !%%??   Shoals:4 !%*([   Snake:1 ?   Snake:3 }}=   Vaults:3 ![

Portals:
Hell: Depths:1 Depths:2 Depths:3 Depths:4
Abyss: Depths:4
Pandemonium: Depths:3 Depths:4
Ziggurat: Depths:4

Annotations:
Lair:6 exclusion: 2 oklob plants


Innate Abilities, Weirdness & Mutations

You are resistant to torment.
Your stone body is resilient. (AC +20)
You are immune to poison.
Your large and strong wings let you fly indefinitely.
You resist negative energy. (rN+)
You are resistant to electric shocks. (rElec)
You can survive without breathing.
You are immune to petrification.
You are immune to rotting.
Your magical capacity is low. (-10% MP)
Potions are less effective at restoring your health.


Message History

The acid corrodes you!
You are splashed with acid!
The acid burns!
* * * LOW HITPOINT WARNING * * *
You block the caustic shrike's attack. The caustic shrike claws you.
* * * LOW HITPOINT WARNING * * *
The acid corrodes you!
You are splashed with acid!
The acid burns!
* * * LOW HITPOINT WARNING * * *
Your system partially rejects the healing.
You feel much better.
The caustic shrike claws you but does no damage. x2
You block the caustic shrike's attack.
The caustic shrike claws you but does no damage.
You block the caustic shrike's attack. The caustic shrike claws you!
* * * LOW HITPOINT WARNING * * *
The acid corrodes you!
You are splashed with acid!
The acid burns!
* * * LOW HITPOINT WARNING * * *
Your system partially rejects the healing.
You feel much better. The caustic shrike claws you!
* * * LOW HITPOINT WARNING * * *
The acid corrodes you!
You are splashed with acid!
The acid burns!
You die...

..'...#####.#########.#####.####.
..###.[.....................####.
..# ###.##.###########.##.####...
..# #.##.# #..(.# #.... #.#
###.##.# #(######..≈≈ #.#
#...##.# #.# #..≈≈#
#.###'####'###########'#####..≈∩#
#...........(....b............≈##
......^..(.<....@.............≈##
.#.............bb.............≈≈#
##.......[.....................≈≈
##......(.(......................
#....(..........................
#...(...........................
#...............................
#..).)...)......................
#...<...........................


You could see 3 caustic shrikes.

Vanquished Creatures
  Sojobo (Depths:1)
  Bai Suzhen (Snake:4)
  Saint Roka (Snake:4)
  2 caustic shrikes
  Jory (Depths:1)
  Jorgrun (Depths:1)
  2 tentacled monstrosities
  Asterion (Depths:2)
  A quicksilver dragon (Depths:4)
  3 deep elf blademasters
  2 deep elf master archers (Elf:3)
  4 liches
  5 sphinxes
  2 krakens
  Frances (Elf:1)
  Roxanne (Elf:3)
  8 tengu reavers
  A shadow dragon (Depths:2)
  12 nagarajas
  Donald (Snake:2)
  9 frost giants
  Ilsuiw (Shoals:4)
  2 imperial myrmidons (Desolation)
  7 vault wardens
  8 fire giants
  A ghost moth (shapeshifter) (Depths:3)
  2 ghost moths (Depths:1)
  2 orc warlords
  3 deep elf sorcerers
  A balrug (Depths:4)
  Louise (Depths:4)
  7 deep elf elementalists (Elf:3)
  14 ironheart preservers
  3 spriggan defenders
  19 stone giants
  21 very ugly things
  6 vampire knights
  A lorocyproca (Depths:3)
  A black draconian (Depths:5)
  4 halazid warlocks (Desolation)
  9 deep elf demonologists
  Azrael (Elf:2)
  8 deep elf annihilators
  10 spark wasps
  The ghost of Lanoc the Fencer, a journeyman DrBe of Trog (D:13)
  An orange crystal statue (WizLab)
  A deep elf death mage (Vaults:1)
  A crystal guardian (Vaults:4)
  5 merfolk javelineers
  10 ettins
  11 merfolk impalers
  3 fire dragons
  13 yaktaur captains
  5 ragged hierophants (Desolation)
  2 deep elf high priests
  6 great orbs of eyes
  12 ice dragons
  10 ogre magi
  6 servants of whispers (Desolation)
  2 spriggan air magi
  10 peacekeepers
  5 vault guards
  8 naga warriors
  2 catoblepae
  5 hydras
  7 rakshasas
  4 merfolk avatars
  A death knight (Vaults:2)
  5 centaur warriors
  31 two-headed ogres
  26 dancing weapons
  19 anacondas
  10 deep troll shamans
  4 deep troll earth magi
  A death yak (Vaults:1)
  8 merfolk aquamancers
  A small abomination (Vaults:1)
  5 spriggan berserkers
  A vampire mage (Depths:2)
  21 naga sharpshooters
  3 tengu warriors
  A titan zombie (Depths:2)
  A sun demon (Depths:3)
  Nergalle (D:12)
  3 shock serpents
  17 hell knights
  20 deep elf knights
  A sixfirhy (Depths:3)
  9 shadow wraiths
  2 fire crabs (shapeshifter)
  4 skeletal warriors
  A golden dragon zombie (Depths:2)
  38 deep trolls
  6 flayed ghosts
  3 iron trolls
  4 glowing orange brains
  2 unseen horrors (D:14)
  16 sea snakes
  4 wizards
  A swamp dragon (shapeshifter) (D:15)
  9 naga ritualists
  13 ironbrand convokers
  39 harpies
  17 deep elf archers
  Pikel (D:8)
  7 phantasmal warriors
  2 wolf spider zombies
  11 mana vipers
  21 orc knights
  61 deep elf magi
  The ghost of
  1994 the Charmwright, a novice HuSk of Uskayaw (D:6)
  12 salamanders
  15 manticores
  4 wolf spiders
  9 necromancers
  10 cyclopes
  10 fauns
  A wolf spider (shapeshifter) (Depths:2)
  34 ugly things
  8 orc sorcerers
  A centaur zombie (D:14)
  A human skeleton (Vaults:4)
  17 vault sentinels
  22 guardian serpents
  10 merfolk sirens
  2 molten gargoyles (Desolation)
  7 water nymphs
  An eye of devastation (shapeshifter) (Depths:2)
  22 naga magi
  An orange demon (Depths:3)
  48 black mambas
  A guardian serpent (shapeshifter) (Vaults:3)
  A spiny frog (shapeshifter) (Vaults:1)
  A yaktaur zombie (Vaults:3)
  An elf skeleton (Depths:2)
  10 spiny frogs
  4 kobold demonologists
  A human zombie (Vaults:4)
  3 rime drakes
  3 gargoyles
  A hellwing (Depths:3)
  4 freezing wraiths
  5 komodo dragons
  25 yaktaurs
  A queen bee (shapeshifter) (Depths:1)
  6 tengu conjurers
  36 merfolk
  7 polar bears (Lair:6)
  25 trolls
  A merfolk (shapeshifter) (Vaults:4)
  50 saltlings
  3 wind drakes
  Prince Ribbit (D:8)
  12 hornets
  2 blink frogs (shapeshifter)
  14 hippogriffs
  A polar bear (shapeshifter) (Depths:4)
  A raiju (shapeshifter) (Depths:4)
  A hornet (shapeshifter) (Depths:2)
  A dream sheep (Lair:6)
  18 blink frogs
  An air elemental (Elf:3)
  23 slime creatures
  13 snapping turtles
  5 shadows
  A spriggan skeleton (Depths:2)
  12 wraiths
  25 water elementals
  A spriggan (shapeshifter) (Elf:1)
  15 spriggans
  3 wyverns
  A hog (shapeshifter) (D:15)
  A basilisk (shapeshifter) (D:15)
  A human (shapeshifter) (D:15)
  23 yaks
  The ghost of Vesto the Skirmisher, an amateur MiFi of Okawaru (D:5)
  4 fire bats (Depths:2)
  Eustachio (D:5)
  4 fire elementals
  A steam dragon (D:11)
  2 basilisks
  20 vampire mosquitoes
  2 neqoxecs (Depths:4)
  A chaos spawn (Depths:4)
  Menkaure (D:4)
  5 wargs
  A deep troll zombie (Vaults:3)
  54 nagas
  Edmund (D:6)
  A soldier ant (D:14)
  A soldier ant (shapeshifter) (D:13)
  14 water moccasins
  2 acid dragons
  10 hell hounds
  47 orc warriors
  6 porcupines
  A floating eye (Depths:3)
  Duvessa (D:7)
  6 ice beasts
  4 sky beasts
  A black bear (shapeshifter) (Depths:1)
  A hornet zombie (D:13)
  A sky beast (shapeshifter) (D:15)
  A slave (D:8)
  2 phantoms
  20 boggarts
  4 black bears
  A necrophage (D:10)
  58 ogres
  9 centaurs
  23 wolves
  11 crocodiles
  6 big kobolds
  19 bullfrogs
  8 earth elementals
  A glowing shapeshifter simulacrum (Vaults:3)
  Dowan (D:7)
  5 scorpions
  6 killer bees
  4 wights
  6 howler monkeys
  13 electric eels
  11 crimson imps
  5 bullfrog zombies
  2 human simulacra
  4 jellies
  23 orc priests
  6 hounds
  3 iron imps (Depths:3)
  35 orc wizards
  3 bullfrog skeletons
  3 centaur skeletons
  8 iguanas
  11 worker ants
  A hound zombie (D:9)
  A hound skeleton (D:4)
  A howler monkey zombie (D:5)
  10 gnolls
  A howler monkey skeleton (D:6)
  18 adders
  5 shadow imps
  A white imp (Vaults:4)
  An ufetubus (Depths:3)
  An ooze (D:6)
  An adder zombie (D:6)
  3 worms
  8 dart slugs
  5 leopard geckos
  95 orcs
  9 bats
  6 giant cockroaches
  16 goblins
  11 hobgoblins
  12 jackals
  3 quokkas
  4 frilled lizards
  A giant cockroach zombie (D:5)
  41 kobolds
  A quokka skeleton (D:6)
  11 rats
  4 tentacles (Shoals:4)
2151 creatures vanquished.

Vanquished Creatures (others)
  A frost giant (Depths:2)
  An ice dragon (Depths:4)
  A naga sharpshooter (Snake:4)
  A hell knight (Depths:1)
  A naga ritualist (Snake:4)
  A phantasmal warrior (Depths:2)
  A necromancer (Depths:1)
  A faun (Shoals:1)
  A black mamba (Snake:4)
  A vault sentinel (Vaults:4)
  2 saltlings (Desolation)
  A chaos spawn (Depths:4)
  A naga (Snake:4)
  A slave (D:8)
  A boggart (Depths:1)
  An ogre (Depths:4)
  2 bushes (Lair:6)
  29 fungi
  31 plants
  6 tentacles
85 creatures vanquished.

Grand Total: 2236 creatures vanquished

Notes
Turn   | Place    | Note
-------+----------+-------------------------------------------
     0 | D:1      | erloom the Gargoyle Fighter began the quest for the Orb.
     0 | D:1      | Reached XP level 1. HP: 14/14 MP: 1/1
    76 | D:1      | Reached XP level 2. HP: 11/19 MP: 2/2
   364 | D:1      | Reached XP level 3. HP: 24/24 MP: 3/3
   422 | D:1      | Reached skill level 4 in Fighting
  1113 | D:2      | Noticed a moth of wrath
  1127 | D:2      | Reached XP level 4. HP: 23/30 MP: 4/4
  1131 | D:2      | Found a bloodstained altar of Trog.
  1176 | D:2      | Found an opulent altar of Gozag.
  1205 | D:2      | Found a snail-covered altar of Cheibriados.
  1715 | D:3      | Reached XP level 5. HP: 34/34 MP: 5/5
  1751 | D:3      | Reached skill level 5 in Fighting
  1868 | D:3      | Found a hide-covered altar of Uskayaw.
  1959 | D:3      | Found a blossoming altar of Fedhas.
  2118 | D:3      | Found a blossoming altar of Fedhas.
  2372 | D:4      | Found a staircase to the Ecumenical Temple.
  2375 | D:4      | Noticed an ogre
  2383 | D:4      | Killed an ogre
  2383 | D:4      | Reached XP level 6. HP: 33/41 MP: 6/6
  2397 | Temple   | Entered the Ecumenical Temple
  2452 | Temple   | Became a worshipper of Warmaster Okawaru
  2761 | D:4      | Reached skill level 6 in Fighting
  2790 | D:4      | Reached skill level 5 in Maces & Flails
  2860 | D:4      | Reached XP level 7. HP: 45/47 MP: 7/7
  3030 | D:4      | Noticed Menkaure
  3033 | D:4      | Killed Menkaure
  3033 | D:4      | Reached * piety under Okawaru
  3262 | D:5      | Entered Level 5 of the Dungeon
  3448 | D:5      | Reached skill level 1 in Invocations
  3542 | D:5      | Found Issonko's Distillery.
  3546 | D:5      | Found Buofax's Book Shoppe.
  3550 | D:5      | Found Uhepiq's Gadget Boutique.
  3575 | D:5      | Reached skill level 7 in Fighting
  3590 | D:5      | Bought a potion of berserk rage for 55 gold pieces
  3723 | D:5      | Found Azxiufad's Armour Shoppe.
  3764 | D:5      | Noticed Eustachio
  3784 | D:5      | Killed Eustachio
  3784 | D:5      | Reached XP level 8. HP: 53/53 MP: 9/9
  3859 | D:5      | Found a glowing golden altar of the Shining One.
  4061 | D:5      | Found Setez's Gadget Shop.
  4246 | D:5      | Noticed Vesto's ghost (amateur MiFi)
  4254 | D:5      | Killed Vesto's ghost
  4295 | D:6      | Found Deohuaro's Magic Scroll Shop.
  4300 | D:5      | Reached ** piety under Okawaru
  4300 | D:5      | Reached skill level 1 in Dodging
  4347 | D:6      | Bought a scroll of enchant weapon for 82 gold pieces
  4363 | D:6      | Noticed 1994's ghost (novice HuSk)
  4456 | D:6      | Killed 1994's ghost
  4456 | D:6      | Reached skill level 8 in Fighting
  4456 | D:6      | Reached XP level 9. HP: 48/60 MP: 11/11
  4697 | D:6      | Noticed Edmund
  4703 | D:6      | Reached *** piety under Okawaru
  4715 | D:6      | Killed Edmund
  4715 | D:6      | Reached skill level 9 in Fighting
  4816 | D:6      | Found Koitwob's Armour Shoppe.
  4842 | D:6      | Found a deep blue altar of Sif Muna.
  4862 | D:6      | Found Fuon's Weapon Shoppe.
  4865 | D:6      | Found Intiomox's Weapon Shoppe.
  4878 | D:6      | Found Heseamy's General Store.
  5031 | D:6      | Found a stormy altar of Qazlal.
  5031 | D:6      | Found a radiant altar of Vehumet.
  5338 | D:7      | Noticed Duvessa
  5339 | D:7      | Noticed Dowan
  5352 | D:7      | Killed Duvessa
  5362 | D:7      | Killed Dowan
  5699 | D:8      | Found a flagged portal.
  5776 | Bailey   | Entered a bailey
  5857 | Bailey   | Noticed an orc knight
  5950 | Bailey   | Reached skill level 10 in Fighting
  6284 | Bailey   | Reached **** piety under Okawaru
  6689 | Bailey   | Killed an orc knight
  6689 | Bailey   | Reached XP level 10. HP: 68/68 MP: 12/12
  7184 | D:8      | Noticed a two-headed ogre
  7198 | D:8      | Killed a two-headed ogre
  7198 | D:8      | Reached ***** piety under Okawaru
  7198 | D:8      | Reached skill level 11 in Fighting
  7198 | D:8      | Reached skill level 10 in Maces & Flails
  7429 | D:8      | Found a white marble altar of Elyvilon.
  7529 | D:8      | Noticed Pikel
  7549 | D:8      | Killed Pikel
  7604 | D:8      | Noticed Prince Ribbit
  7666 | D:8      | Found a shattered altar of Ashenzari.
  7685 | D:8      | Received a gift from Okawaru
  8057 | D:8      | Killed Prince Ribbit
  8405 | D:9      | Found a staircase to the Orcish Mines.
  8668 | D:9      | Reached skill level 12 in Fighting
  9009 | D:9      | Found a transporter.
  9042 | D:9      | Reached XP level 11. HP: 74/76 MP: 13/13
  9180 | D:9      | Found a roughly hewn altar of Beogh.
  9310 | D:9      | Found a transporter.
  9409 | D:9      | Found a sparkling altar of Nemelex Xobeh.
  9619 | D:10     | Entered Level 10 of the Dungeon
  9847 | D:10     | Noticed a cyclops
  9860 | D:10     | Killed a cyclops
 10408 | D:10     | Noticed a vault guard
 10418 | D:10     | Killed a vault guard
 10453 | D:10     | Found a portal to a secret trove of treasure.
 10700 | D:10     | Received a gift from Okawaru
 10907 | D:11     | Noticed a white ugly thing
 10931 | D:10     | Reached skill level 5 in Armour
 11130 | D:10     | Reached skill level 5 in Invocations
 11251 | D:11     | Reached skill level 13 in Fighting
 11389 | D:11     | Found a staircase to the Lair.
 11481 | Lair:1   | Entered Level 1 of the Lair of Beasts
 11997 | Lair:1   | Reached XP level 12. HP: 65/84 MP: 16/16
 13213 | Lair:2   | Received a gift from Okawaru
 14940 | Lair:4   | Reached skill level 1 in Evocations
 15118 | Lair:4   | Noticed a four-headed hydra
 15139 | Lair:4   | Killed a four-headed hydra
 15374 | Lair:4   | Reached skill level 5 in Shields
 15416 | Lair:4   | Received a gift from Okawaru
 15507 | Lair:4   | Found a staircase to the Snake Pit.
 15539 | Lair:4   | Found a staircase to the Shoals.
 16405 | Lair:5   | Reached XP level 13. HP: 82/89 MP: 15/18
 16485 | Lair:5   | Reached skill level 14 in Fighting
 16833 | Lair:6   | Entered Level 6 of the Lair of Beasts
 18954 | Lair:6   | Gained mutation: Your large and strong wings let you fly indefinitely. [Gargoyle growth]
 18954 | Lair:6   | Reached XP level 14. HP: 69/96 MP: 13/20
 19135 | Lair:6   | Found a staircase to the Slime Pits.
 19529 | Orc:1    | Entered Level 1 of the Orcish Mines
 19547 | D:9      | Reached ****** piety under Okawaru
 19609 | Orc:1    | Noticed an orc warlord
 20028 | D:9      | Killed an orc warlord
 20510 | Orc:2    | Entered Level 2 of the Orcish Mines
 20522 | Orc:1    | Reached skill level 5 in Evocations
 20825 | Orc:2    | Found a staircase to the Elven Halls.
 20843 | Orc:1    | Found Hicoro's Antique Weapon Shop.
 21169 | Orc:2    | Received a gift from Okawaru
 21474 | Orc:2    | Found Ecviolen's Assorted Antiques.
 22012 | Orc:1    | Reached skill level 10 in Armour
 22021 | Orc:1    | Reached skill level 15 in Fighting
 22477 | Orc:1    | Received a gift from Okawaru
 22648 | Orc:2    | Found Hagifel's Distillery.
 22766 | Orc:2    | Found Solaiwna's Book Shoppe.
 22767 | Orc:2    | Found Hiwnauwaets's Weapon Shoppe.
 22905 | Orc:2    | Bought a potion of curing for 42 gold pieces
 22905 | Orc:2    | Bought a potion of heal wounds for 70 gold pieces
 22905 | Orc:2    | Bought a potion of might for 56 gold pieces
 22905 | Orc:2    | Bought a potion of might for 56 gold pieces
 22905 | Orc:2    | Bought a potion of heal wounds for 70 gold pieces
 23436 | Orc:2    | Found Kioss's Assorted Antiques.
 23444 | Orc:2    | Bought a scroll labeled VOMAAGH CULAA for 27 gold pieces
 23980 | D:11     | Received a gift from Okawaru
 24154 | D:11     | Reached skill level 10 in Shields
 24373 | D:12     | Noticed Nergalle
 24382 | D:12     | Killed Nergalle
 24382 | D:12     | Reached XP level 15. HP: 101/104 MP: 18/22
 24422 | D:12     | Reached skill level 16 in Fighting
 25202 | D:13     | Got a fine copper ring
 25299 | D:13     | Identified the ring "Fogietip" {Wiz rF+ Int+4 Dex+5} (You took it off a deep elf mage on level 13 of the Dungeon)
 25335 | D:13     | Found a gate to the Vaults.
 25546 | D:14     | Received a gift from Okawaru
 26559 | D:15     | Entered Level 15 of the Dungeon
 26757 | D:15     | Reached skill level 17 in Fighting
 26757 | D:15     | Reached skill level 15 in Maces & Flails
 26765 | D:15     | Received a gift from Okawaru
 26920 | D:15     | Identified a scroll of acquirement
 27498 | D:15     | Reached XP level 16. HP: 112/112 MP: 23/23
 27568 | D:15     | Found a staircase to the Depths.
 27945 | D:6      | Bought a scroll of enchant weapon for 90 gold pieces
 27945 | D:6      | Bought a scroll of enchant armour for 90 gold pieces
 27970 | D:6      | Bought a scroll of enchant armour for 82 gold pieces
 27970 | D:6      | Bought a scroll of teleportation for 33 gold pieces
 27970 | D:6      | Bought a scroll of teleportation for 33 gold pieces
 27970 | D:6      | Bought a scroll of teleportation for 33 gold pieces
 27970 | D:6      | Bought a scroll of teleportation for 33 gold pieces
 28225 | Snake:1  | Entered Level 1 of the Snake Pit
 28385 | Snake:1  | Reached skill level 18 in Fighting
 28514 | Snake:1  | Received a gift from Okawaru
 28786 | Snake:1  | Found Arghudec's Magic Scroll Shop.
 28795 | Snake:1  | Bought a scroll of identify for 28 gold pieces
 28795 | Snake:1  | Bought a scroll of identify for 28 gold pieces
 28795 | Snake:1  | Bought a scroll of enchant armour for 105 gold pieces
 28795 | Snake:1  | Bought a scroll of identify for 28 gold pieces
 28795 | Snake:1  | Bought a scroll of blinking for 105 gold pieces
 28795 | Snake:1  | Bought a scroll of teleportation for 42 gold pieces
 29185 | Snake:2  | Reached skill level 19 in Fighting
 29259 | Snake:2  | Noticed Donald
 29273 | Snake:2  | Killed Donald
 29400 | Snake:2  | Got a shimmering whip
 29403 | Snake:2  | Identified the +7 whip of Watchfulness {drain, +Inv rPois MR+} (You found it on level 2 of the Snake Pit)
 29435 | Snake:2  | Noticed a nagaraja
 29448 | Snake:2  | Killed a nagaraja
 29880 | Snake:2  | Received a gift from Okawaru
 29943 | Snake:2  | Reached skill level 20 in Fighting
 29962 | Snake:2  | Reached XP level 17. HP: 124/124 MP: 13/24
 30691 | Snake:3  | Got a warped scale mail
 30693 | Snake:3  | Identified the cursed +0 scale mail "Nuxzimar" {Int+2} (You found it on level 3 of the Snake Pit)
 30836 | Snake:3  | Found Uwnog's Jewellery Shoppe.
 30836 | Snake:3  | Found Puptuo Sahi's Gadget Boutique.
 30837 | Snake:3  | Found Pihochu's Gadget Boutique.
 31423 | Snake:4  | Entered Level 4 of the Snake Pit
 31467 | Snake:4  | Reached skill level 5 in Dodging
 32121 | Snake:4  | Noticed Saint Roka
 32135 | Snake:4  | Received a gift from Okawaru
 32148 | Snake:4  | Killed Saint Roka
 32172 | Snake:4  | Identified a +0 pair of boots of running (Okawaru gifted it to you on level 4 of the Snake Pit)
 32213 | Snake:4  | Noticed Bai Suzhen
 32236 | Snake:4  | Killed Bai Suzhen
 32236 | Snake:4  | Reached skill level 21 in Fighting
 32652 | Snake:4  | Reached XP level 18. HP: 132/132 MP: 25/25
 32820 | Snake:4  | Received a gift from Okawaru
 33076 | Snake:4  | Got a serpentine rune of Zot
 33748 | Shoals:1 | Entered Level 1 of the Shoals
 33748 | Shoals:1 | Found Wajaam's Distillery.
 33802 | Shoals:1 | Reached skill level 22 in Fighting
 33823 | Shoals:1 | Bought a potion of curing for 51 gold pieces
 33823 | Shoals:1 | Bought a potion of curing for 51 gold pieces
 33823 | Shoals:1 | Bought 2 potions of curing for 102 gold pieces
 33823 | Shoals:1 | Bought a potion of curing for 51 gold pieces
 34030 | Shoals:1 | Found Qotu's Food Emporium.
 34098 | Shoals:1 | Received a gift from Okawaru
 34141 | Shoals:1 | Got an ancient helmet {god gift}
 34180 | Shoals:1 | Identified the +0 helmet of Ziaz Jio {rF+ Slay+3} (Okawaru gifted it to you on level 1 of the Shoals)
 34233 | Shoals:1 | Found Cuxelej's Magic Scroll Emporium.
 34241 | Shoals:1 | Bought a scroll of blinking for 135 gold pieces
 34241 | Shoals:1 | Bought a scroll of enchant armour for 135 gold pieces
 34241 | Shoals:1 | Bought 3 scrolls of enchant weapon for 405 gold pieces
 34241 | Shoals:1 | Bought a scroll of teleportation for 54 gold pieces
 34241 | Shoals:1 | Bought a scroll of summoning for 171 gold pieces
 34246 | Shoals:1 | Found Saxeul Jesi's Magic Scroll Boutique.
 34277 | Shoals:1 | Bought a scroll of enchant armour for 97 gold pieces
 34278 | Shoals:1 | Found Leaskun's Food Shoppe.
 35153 | Shoals:2 | Reached skill level 10 in Dodging
 35171 | Shoals:2 | Reached XP level 19. HP: 129/140 MP: 20/26
 36420 | Shoals:3 | Received a gift from Okawaru
 36423 | Shoals:3 | Got a transparent flail {god gift}
 36424 | Shoals:3 | Identified the +6 flail "Vihuplum" {drain, rC- Str+7} (Okawaru gifted it to you on level 3 of the Shoals)
 36628 | Shoals:4 | Entered Level 4 of the Shoals
 36938 | Shoals:4 | Found Cerepucw's Weapon Boutique.
 36939 | Shoals:4 | Found Faacza's Food Boutique.
 37081 | Shoals:4 | Got a pair of twisted gloves
 37083 | Shoals:4 | Identified the +1 pair of gloves "Ohiwnad" {*Slow rElec rN+ rCorr} (You found it on level 4 of the Shoals)
 37085 | Shoals:4 | Found Ruamiock's Assorted Antiques.
 37176 | Shoals:4 | Got a barnacled rune of Zot
 37197 | Shoals:4 | Received a gift from Okawaru
 37197 | Shoals:4 | Reached skill level 23 in Fighting
 37202 | Shoals:4 | Got a bloodstained plate armour {god gift}
 37205 | Shoals:4 | Identified the +8 plate armour "Wynai" {Regen+ Str-3 Dex+5} (Okawaru gifted it to you on level 4 of the Shoals)
 37300 | Shoals:4 | Found Mesahyop's Distillery.
 37323 | Shoals:4 | Bought a potion of haste for 170 gold pieces
 37323 | Shoals:4 | Bought a potion of heal wounds for 85 gold pieces
 37323 | Shoals:4 | Bought 2 potions of haste for 340 gold pieces
 37345 | Shoals:4 | Noticed Ilsuiw
 37416 | Shoals:4 | Killed Ilsuiw
 37665 | Shoals:4 | Found Vafetoq's Armour Boutique.
 37826 | Shoals:4 | Found the +7 Spriggan's Knife {MR+ EV+4 Dex+4 Stlth+}
 38426 | Vaults:1 | Entered Level 1 of the Vaults
 38884 | Vaults:1 | Reached XP level 20. HP: 142/148 MP: 22/27
 39322 | Vaults:1 | Received a gift from Okawaru
 40444 | Vaults:2 | Reached skill level 15 in Armour
 40479 | Vaults:2 | Reached skill level 24 in Fighting
 41344 | Vaults:2 | Noticed a Tzitzimitl
 41520 | Vaults:2 | Found a staircase to the Crypt.
 41520 | Vaults:2 | Found a basalt altar of Yredelemnul.
 41526 | Vaults:2 | Received a gift from Okawaru
 41568 | Vaults:2 | Found an ancient bone altar of Kikubaaqudgha.
 41930 | Vaults:3 | Reached skill level 25 in Fighting
 42023 | Vaults:3 | Reached XP level 21. HP: 158/158 MP: 26/28
 42051 | Vaults:3 | Found a ruined gateway.
 42057 | Desolati | Entered the Desolation of Salt
 42349 | Desolati | Identified the +4 hand axe "Geucucesch" {holy, rElec Dex+2} (You found it in the Desolation of Salt)
 42357 | Desolati | Identified the Grimoire of Evolution
 42505 | Desolati | Identified the Volume of Shifting Weightlessness
 42835 | Desolati | Identified the Disquisition on Venomous Curses
 42890 | Desolati | Identified the cursed +1 shortbow "Wohyhierph" {velocity, rN+ MP+9} (You found it in the Desolation of Salt)
 42959 | Desolati | Received a gift from Okawaru
 42969 | Desolati | Reached skill level 26 in Fighting
 42975 | Desolati | Identified the +2 scale mail "Leibrice" {MR+++ Str+6 Dex-4} (Okawaru gifted it to you in the Desolation of Salt)
 43073 | Desolati | Identified Hosheupn's Compendium of Clay and the Arsonist
 43076 | Desolati | Got a coiled lead amulet
 43077 | Desolati | Identified the amulet of Cougrov {Inacc Str-4 Int+6} (You found it in the Desolation of Salt)
 43084 | Desolati | Identified the Almanac of Ashen Cold
 43827 | Vaults:3 | Found Udadd's Armour Boutique.
 44377 | Vaults:3 | Found Dihete Mecue's Distillery.
 44382 | Vaults:3 | Bought 2 potions of heal wounds for 160 gold pieces
 44779 | Vaults:4 | Received a gift from Okawaru
 44915 | Vaults:4 | Reached XP level 22. HP: 168/168 MP: 29/29
 45168 | Vaults:4 | Reached skill level 10 in Invocations
 46150 | Snake:3  | Bought an uncursed ring of protection from cold for 500 gold pieces
 46419 | Elf:1    | Entered Level 1 of the Elven Halls
 46488 | Orc:2    | Received a gift from Okawaru
 46552 | Elf:1    | Reached skill level 27 in Fighting
 46840 | Elf:1    | Found Kuah's Gadget Shop.
 46856 | Elf:1    | Noticed Frances
 46868 | Elf:1    | Killed Frances
 47475 | Elf:2    | Found a runed gate.
 47475 | Elf:2    | Found a runed gate.
 47475 | Elf:2    | Found a runed gate.
 47548 | Elf:2    | Gained mutation: Your magical capacity is low. (-10% MP) [a neqoxec]
 48063 | Elf:2    | Received a gift from Okawaru
 48087 | Elf:2    | Noticed Azrael
 48097 | Elf:2    | Killed Azrael
 48465 | Elf:2    | Received a gift from Okawaru
 48492 | Elf:2    | Got heavily runed acid dragon scales {god gift}
 48493 | Elf:2    | Identified the +3 acid dragon scales of the Distant Future {rPois rCorr} (Okawaru gifted it to you on level 2 of the Elven Halls)
 48815 | Elf:3    | Entered Level 3 of the Elven Halls
 48834 | Elf:3    | Found an ancient bone altar of Kikubaaqudgha.
 48940 | Elf:3    | Noticed Roxanne
 48960 | Elf:3    | Killed Roxanne
 48960 | Elf:3    | Reached XP level 23. HP: 135/175 MP: 20/27
 49009 | Elf:3    | Found Myggomap's Assorted Antiques.
 49051 | Elf:3    | Bought a scroll of identify for 40 gold pieces
 49051 | Elf:3    | Bought a smoky blue potion for 18 gold pieces
 49051 | Elf:3    | Bought a scroll of identify for 40 gold pieces
 49449 | Elf:3    | Got a crude mace {crush}
 49498 | Elf:3    | Got a vibrating golden ring
 49604 | Elf:3    | Got a scintillating glass ring
 49786 | Elf:3    | Received a gift from Okawaru
 49893 | Elf:3    | Identified the ring "Bonugoah" {rF+ MP+9 Int+4 Slay+3} (You took it off a deep elf knight on level 3 of the Elven Halls)
 49896 | Elf:3    | Identified the ring of Qihonnai {+Fly rC+ rN+ Int+2 Dex+3} (You took it off a deep elf mage on level 3 of the Elven Halls)
 49912 | Elf:3    | Got a crystal triple sword {drain}
 49959 | Elf:3    | Got a flickering granite ring
 49960 | Elf:3    | Identified the ring of Lammebb {Fire Dex+4} (You found it on level 3 of the Elven Halls)
 50040 | Elf:3    | Identified the +4 scale mail "Geathuso" {Dex+4 Slay+3} (You found it on level 3 of the Elven Halls)
 50379 | D:13     | Noticed Lanoc's ghost (journeyman DrBe)
 50387 | D:13     | Killed Lanoc's ghost
 50463 | Depths:1 | Entered Level 1 of the Depths
 50616 | Depths:1 | Noticed Sojobo
 50663 | Depths:1 | Killed Sojobo
 50844 | Depths:1 | Received a gift from Okawaru
 51202 | Depths:1 | Found a shimmering altar of Xom.
 51232 | Depths:1 | Noticed Asterion
 51340 | Depths:1 | Noticed Jorgrun
 51353 | Depths:1 | Killed Jorgrun
 51359 | Depths:1 | Received a gift from Okawaru
 51605 | Depths:1 | Reached XP level 24. HP: 181/181 MP: 27/27
 51819 | Depths:1 | Noticed Jory
 51844 | Depths:1 | Killed Jory
 51941 | Depths:1 | Found a gateway to Hell.
 52246 | Depths:2 | Reached skill level 15 in Shields
 52707 | Depths:2 | Killed Asterion
 52707 | Depths:2 | Received a gift from Okawaru
 53333 | D:10     | You paid a toll of +3 shadow dragon scales to enter a treasure trove
 53334 | Trove    | Entered a treasure trove
 53341 | Trove    | Got a transparent jade ring
 53351 | Trove    | Got a fine amber ring
 53363 | Trove    | Got a brightly glowing pewter amulet
 53365 | Trove    | Got a bound jade amulet
 53383 | D:10     | Identified the amulet "Edenib" {Regen+ Str+3} (You found it in a treasure trove)
 53384 | D:10     | Identified the amulet "Irony" {Regen+ Str+4} (You found it in a treasure trove)
 53385 | D:10     | Identified the ring "Ymuoluta" {rPois rC+ rN+ Str+2 Dex+2} (You found it in a treasure trove)
 53517 | D:13     | Identified the ring "Zemo" {rElec rN+++ MP+9 Str+7 Stlth-} (You found it in a treasure trove)
 53792 | Depths:2 | Reached skill level 1 in Throwing
 53897 | Depths:3 | Received a gift from Okawaru
 54267 | Depths:3 | Found a one-way gate leading to the halls of Pandemonium.
 54328 | Depths:3 | Reached XP level 25. HP: 183/187 MP: 9/27
 54388 | Depths:3 | Paralysed by a floating eye for 3 turns
 54661 | Depths:3 | Received a gift from Okawaru
 54833 | Depths:3 | Reached skill level 5 in Throwing
 54877 | Depths:4 | Noticed Louise
 55282 | Depths:4 | Found a magical portal.
 55290 | WizLab   | Entered Wucad Mu's Monastery
 55485 | WizLab   | Found the +9 staff of Wucad Mu {channel}
 55546 | WizLab   | Reached skill level 15 in Dodging
 55589 | WizLab   | Reached skill level 5 in Spellcasting
 55589 | WizLab   | Reached XP level 26. HP: 193/193 MP: 27/27
 55817 | Depths:4 | Found a gateway to a ziggurat.
 55922 | Depths:4 | Gained mutation: Potions are less effective at restoring your health. [a neqoxec]
 56019 | Depths:4 | Found a one-way gate to the infinite horrors of the Abyss.
 56044 | Depths:4 | Killed Louise
 56323 | Depths:4 | Got a pair of scorched gloves
 56334 | Depths:4 | Identified the +3 pair of gloves of Autotheism {Regen+ MP-9 Int+5 SInv} (You acquired it on level 4 of the Depths)
 56700 | Depths:5 | Entered Level 5 of the Depths
 56777 | Depths:5 | Received a gift from Okawaru
 56935 | Depths:4 | HP: 4/193 [acid (8)]
 56937 | Depths:4 | Splashed by a caustic shrike's acid

Skill      XL: |  1  2  3  4  5  6  7  8  9 10 11 12 13 14 15 16 17 18 19 20 21 22 23 24 25 26 |
---------------+-------------------------------------------------------------------------------+-----
Fighting       | 4 5 6 7 8 10 12 13 14 15 17 20 21 22 23 25 26 27 | 27.0
Maces & Flails | 3 4 5 6 7 9 11 12 13 14 15 16 | 16.0
Invocations    | 2 3 5 7 9 10 | 10.0
Dodging        | 2 3 7 10 11 12 14 15 | 15.0
Armour         | 5 7 9 10 11 14 15 16 18 21 23 | 23.2
Shields        | 5 7 10 12 14 15 | 15.0
Evocations     | 2 4 5 |  5.0
Throwing       | 3 5 |  5.0
Spellcasting   | 5 |  5.1

Action                   |  1- 3 |  4- 6 |  7- 9 | 10-12 | 13-15 | 16-18 | 19-21 | 22-24 | 25-27 || total
-------------------------+-------+-------+-------+-------+-------+-------+-------+-------+-------++-------
Melee: Flail             |   159 |   246 |   497 |  1335 |   984 |       |       |       |       ||  3221
       Whip              |       |       |       |    15 |    11 |       |       |       |       ||    26
       Eveningstar       |       |       |       |       |   858 |  1628 |  2294 |  2033 |   594 ||  7407
Invok: Heroism           |       |       |     8 |     8 |    11 |     9 |     2 |     1 |       ||    39
       Finesse           |       |       |       |     2 |     2 |     3 |     4 |     3 |     1 ||    15
 Abil: Evoke Flight      |       |       |     3 |     3 |       |       |       |       |       ||     6
       Fly               |       |       |       |       |     1 |       |       |       |       ||     1
Evoke: Wand              |       |       |     6 |       |       |     1 |       |     6 |     4 ||    17
       Lamp of fire      |       |       |       |       |     1 |       |       |     1 |       ||     2
       Fan of gales      |       |       |       |       |       |     1 |       |       |       ||     1
  Use: Scroll            |       |     5 |    11 |    14 |    13 |    12 |    11 |    18 |     4 ||    88
       Potion            |       |     1 |       |     1 |       |       |       |     1 |     3 ||     6
 Stab: Paralysed         |       |       |     7 |       |       |       |       |       |       ||     7
       Petrified         |       |       |       |       |     1 |       |       |       |       ||     1
       Petrifying        |       |       |       |       |     2 |       |       |       |       ||     2
       Distracted        |       |       |       |       |       |       |     1 |       |       ||     1
  Eat: Chunk             |     1 |     6 |    14 |    26 |    35 |    16 |    26 |    21 |     9 ||   154
       Ration            |       |       |       |     2 |     1 |     3 |     2 |     3 |       ||    11
Armor: Scale mail        |    92 |   145 |   195 |    60 |       |       |       |   704 |   244 ||  1440
       Chain mail        |     3 |       |       |   645 |  1089 |    53 |       |       |       ||  1790
       Quicksilver drago |       |       |       |       |       |   720 |   162 |       |       ||   882
       Plate armour      |       |       |       |       |       |       |   896 |    60 |       ||   956
Dodge: Dodged            |    64 |    75 |   119 |   286 |   527 |   704 |   595 |   486 |   191 ||  3047
Block: Shield            |    95 |   139 |   196 |   711 |  1285 |   732 |       |       |       ||  3158
       Reflection        |       |       |       |     4 |       |    47 |       |       |       ||    51
       Large shield      |       |       |       |       |       |   517 |  2048 |  1783 |   616 ||  4964
